 Dungeon Crawl Stone Soup version 0.29-a0-356-g7bc237e783 (webtiles) character file.

Game seed: 12221412603637492531

117337 Letschi the Bewitcher (level 16, -1/121 HPs)
             Began as a Vampire Arcane Marksman on Apr 26, 2022.
             Was an Elder of Fedhas.
             Killed by an exploding ballistomycete spore (24 damage)
             ... on level 2 of the Spider Nest.
             The game lasted 03:43:32 (49530 turns).

Letschi the Bewitcher (Vampire Arcane Marksman)    Turns: 49530, Time: 03:43:34

Health: -1/121     AC:  9    Str:  9    XL:     16   Next: 23%
Magic:  6/29       EV: 22    Int: 21    God:    Fedhas [****..]
Gold:   456        SH:  0    Dex: 17    Spells: 3/33 levels left

rFire   + . .      SeeInvis +   y - +1 arbalest
rCold   + . .      Faith    .   (shield currently unavailable)
rNeg    . . .      Spirit   .   D - +2 robe {rC+ rF+}
rPois   +          Reflect  .   (no helmet)
rElec   .          Harm     .   u - +0 cloak
rCorr   .          Rampage  .   k - +2 pair of gloves
Will    +....                   g - +0 pair of boots
Stlth   ++........              S - amulet of the acrobat
HPRegen 0.50/turn               h - ring of poison resistance
MPRegen 0.21/turn               m - +4 ring of evasion

@: confused, healing quickly
A: alive, fangs 3, see invisible, vampiric 2
a: Exsanguinate, Renounce Religion, Wall of Briars, Grow Ballistomycete,
Overgrow


You were on level 2 of the Spider Nest.
You worshipped Fedhas.
Fedhas was greatly pleased with you.
You visited 5 branches of the dungeon, and saw 26 of its levels.

You collected 2447 gold pieces.
You spent 1991 gold pieces at shops.

Inventory:

Hand Weapons
 y - a +1 arbalest (weapon)
Missiles
 F - 2 datura-tipped darts
Armour
 g - a +0 pair of boots (worn)
 k - a +2 pair of gloves (worn)
 r - +0 fire dragon scales
 u - a +0 cloak (worn)
 z - a +1 robe of willpower
 D - a +2 robe of resistance (worn)
 E - the +0 robe of the Blind Marksman {rElec rC+ Dex+3}
   (You found it on level 8 of the Dungeon)

   Dex:       It affects your dexterity (+3).
   rC:        It protects you from cold.
   rElec:     It insulates you from electricity.
 M - a +1 troll leather armour {Snorg}
Magical Staves
 l - a staff of cold
 Y - a staff of air
Jewellery
 h - a ring of poison resistance (left hand)
 m - a +4 ring of evasion (right hand)
 S - an amulet of the acrobat (around neck)
Wands
 b - a wand of paralysis (5)
 n - a wand of mindburst (7)
 K - a wand of polymorph (11)
 T - a wand of charming (9)
Scrolls
 e - 17 scrolls of teleportation
 f - 2 scrolls of magic mapping
 j - 2 scrolls of blinking
 o - 7 scrolls of identify
 p - a scroll of amnesia
 w - 2 scrolls of fog
 A - 2 scrolls of noise
 L - a scroll of silence
Potions
 a - 2 potions of mutation
 d - 3 potions of attraction
 i - 2 potions of magic
 q - a potion of curing
 s - a potion of cancellation
 t - 5 potions of flight
 v - a potion of heal wounds
 x - 2 potions of invisibility
 B - 2 potions of resistance
 G - 6 potions of lignification
 N - a potion of brilliance
 O - a potion of ambrosia
 P - 3 potions of berserk rage
Miscellaneous
 c - a phial of floods
 C - a box of beasts (inert)
 J - a lightning rod (4/4)


   Skills:
 + Level 9.6 Fighting
 * Level 11.6 Crossbows
 - Level 0.2 Throwing
 + Level 10.7 Dodging
 + Level 7.8 Stealth
 + Level 9.0 Spellcasting
 * Level 19.2 Hexes
 - Level 3.6 Necromancy
 - Level 1.6 Translocations
 + Level 7.5 Transmutations
 - Level 4.4 Fire Magic
 - Level 3.1 Air Magic
 - Level 5.5 Earth Magic
 + Level 8.4 Invocations
 - Level 1.5 Evocations


You had 3 spell levels left.
You knew the following spells:

 Your Spells              Type           Power      Damage    Failure   Level
a - Slow                  Hex            100%       N/A       0%          1
b - Inner Flame           Hex/Fire       56%        N/A       1%          3
c - Portal Projectile     Hex/Tloc       100%       N/A       1%          3
d - Cause Fear            Hex            37%        N/A       1%          4
e - Corpse Rot            Necr/Air       46%        N/A       2%          2
f - Passwall              Tmut/Erth      30%        N/A       1%          2
g - Tukima's Dance        Hex            74%        N/A       0%          3
h - Enfeeble              Hex            37%        N/A       2%          7
i - Yara's Violent Unrav  Hex/Tmut       30%        3d13      1%          5

Your spell library contained the following spells:

 Spells                   Type           Power      Damage    Failure   Level
 Confusing Touch          Hex            74%        N/A       0%          3
 Beastly Appendage        Tmut           82%        N/A       1%          1
 Pain                     Necr           96%        1d8       1%          1
 Sandblast                Erth           64%        2d14      1%          1
 Scorch                   Fire           56%        2d8       1%          2
 Wereblood                Tmut           41%        N/A       1%          2
 Dazzling Flash           Conj/Hex       98%        N/A       1%          3
 Summon Guardian Golem    Hex/Summ       49%        N/A       1%          3
 Foxfire                  Conj/Fire      72%        2x1d7     2%          1
 Sublimation of Blood     Necr           24%        N/A       2%          2
 Ignite Poison            Fire/Tmut/Pois 26%        N/A       4%          3
 Spider Form              Tmut/Pois      25%        N/A       4%          3
 Poisonous Vapours        Pois/Air       32%        N/A       5%          2
 Summon Small Mammal      Summ           36%        N/A       7%          1
 Stone Arrow              Conj/Erth      42%        3d9       7%          3
 Conjure Flame            Conj/Fire      18%        6-21      9%          3
 Mephitic Cloud           Conj/Pois/Air  13%        N/A       14%         3
 Call Canine Familiar     Summ           9%         N/A       22%         3
 Anguish                  Hex/Necr       27%        N/A       1%          4
 Fulminant Prism          Conj/Hex       24%        3d13      1%          4
 Lee's Rapid Deconstruct  Erth           16%        3d11*     21%         5
 Sticky Flame             Conj/Fire      18%        2d4       28%         4
 Passage of Golubria      Tloc           16%        N/A       36%         4
 Agony                    Necr           24%        N/A       41%         5
 Excruciating Wounds      Necr           12%        N/A       41%         5
 Iskenderun's Mystic Bla  Conj/Tloc      12%        2d5       45%         4
 Olgreb's Toxic Radiance  Pois           9%         N/A       56%         4
 Freezing Cloud           Conj/Ice/Air   6%         6-21      78%         5
 Starburst                Conj/Fire      9%         6d5       99%         6
 Malign Gateway           Summ/Tloc      6%         N/A       100%        7
 Ozocubu's Refrigeration  Ice            4%         4d5       100%        7
 Ignition                 Fire           14%        3d6       100%        8
 Infestation              Necr           12%        N/A       100%        8
 Summon Horrible Things   Summ           4%         N/A       100%        8
 Necromutation            Tmut/Necr      Unusable   N/A       N/A         8
 Death's Door             Necr           Unusable   N/A       N/A         9

Dungeon Overview and Level Annotations

Branches:
Dungeon (15/15)            Temple (1/1) D:5            Lair (6/6) D:11
  Swamp (0/4) Lair:2       Spider (2/4) Lair:2        Slime (0/5) Lair:6
    Orc (2/2) D:10            Elf (0/3) Orc:2        Vaults (0/5) D:14
 Depths (0/4) D:15

Altars:
Ashenzari
Cheibriados
Dithmenos
Elyvilon
Fedhas
Gozag
Hepliaklqana
Kikubaaqudgha
Makhleb
Nemelex Xobeh
Okawaru
Qazlal
Ru
Sif Muna
Trog
Uskayaw
Vehumet
Wu Jian
Xom
Yredelemnul
Zin
The Shining One
Beogh

Shops:
D:1 *[   Orc:2 :!(*

Portals:
Pandemonium: Orc:2

Annotations:
D:6 3 runed translucent doors, exclusion: 3 doors, dricus's ghost, novice GnWn
D:8 Gastronok; Maurice
D:13 Frances
Lair:1 Fannar
Spider:1 exclusion: downstairs
Spider:2 exclusions: entropy weaver, redback and tarantella


Innate Abilities, Weirdness & Mutations

Your natural rate of healing is accelerated.
You have razor-sharp teeth.
You have supernaturally acute eyesight. (SInv)
You are afflicted with vampirism and can become a bat while bloodless.


Message History

Okay, then.
Really walk into that cloud of flame?
Okay, then.
A ballistomycete spore comes into view.
Your ballistomycete spore explodes!
Fedhas protects your plant from harm. The explosion of spores engulfs you!!
You are confused.
The steelbarb worm appears confused.
The explosion of spores engulfs the steelbarb worm!
Fedhas appreciates your contribution to the ecosystem.
The steelbarb worm explodes!
The fiery explosion engulfs you! You resist.
* * * LOW HITPOINT WARNING * * *
You hear an angry hiss. x3
You are engulfed in blazing flames.
You resist.
* * * LOW HITPOINT WARNING * * *
Unknown command.
You are engulfed in blazing flames.
You resist.
* * * LOW HITPOINT WARNING * * *
You feel less confused.
Unknown command.
You feel better.
You are engulfed in blazing flames.
You resist.
* * * LOW HITPOINT WARNING * * *
Your ballistomycete spore explodes!
You hear an angry hiss.
A culicivora comes into view.
Things that are here:
a staff of poison; a potion of attraction A ballistomycete spore comes into view.
There is a stone staircase leading up, spattered with blood here.
The culicivora bites your ballistomycete spore!!
Your ballistomycete spore explodes!
The culicivora appears confused.
The explosion of spores engulfs the culicivora!!
The culicivora is heavily wounded.
The explosion of spores engulfs you!!
You are confused.
You die...
Fedhas appreciates your contribution to the ecosystem.

....
..........<..^.≈..
....
..^#..........##.^
.... ..
#..........# ....
. #.....###...#
.... #.......##..#
....
#........#....
....
#.s.P....##....
.^..
#....○..^^#....
.#..
#.@.|☼.☼..##... .#
#..(.......# .#
#^.........# ≈#
#....#^....≈# #..
#≈≈.≈#.(......#
...
#≈≈≈≈≈..........#
..
####≈..........##
#≈≈#..........
##≈............


You could see a culicivora (confused, ally target) and a friendly ballistomycete
(summoned).

Vanquished Creatures
  Arachne (Spider:2)
  An emperor scorpion (Spider:2)
  A fire giant (D:15)
  A ghost moth (Spider:1)
  Nessos (D:15)
  2 fire dragons
  4 vault guards
  Harold (Lair:2)
  10 hydras
  2 ogre magi
  9 boulder beetles
  10 two-headed ogres
  2 demonspawn (Orc:2)
  A jorogumo (Spider:1)
  A catoblepas (D:14)
  A death knight (D:12)
  3 centaur warriors
  A tengu warrior (D:14)
  3 orc high priests (Orc:2)
  4 skeletal warriors
  3 steelbarb worms
  2 bog bodies (Lair:2)
  2 orb spiders
  A necromancer (Lair:4)
  2 lindwurms
  3 deep elf pyromancers
  4 orc knights
  3 wolf spiders (Spider:1)
  7 cyclopes
  13 ugly things
  9 orc sorcerers
  2 manticores
  9 elephants
  A black mamba (Lair:6)
  2 torpor snails (Lair:2)
  Psyche (D:8)
  9 cane toads
  3 gargoyles
  An unseen horror (D:12)
  3 kobold demonologists
  An efreet (D:15)
  3 rime drakes
  5 demonic crawlers
  4 freezing wraiths
  9 komodo dragons
  2 tengu conjurers (D:14)
  6 trolls
  A hellwing (Orc:2)
  3 meliai (Spider:1)
  4 polar bears
  6 hornets
  9 tarantellas
  Grinder (D:4)
  11 slime creatures
  27 dream sheep
  A dancing weapon (D:14)
  8 jumping spiders (Spider:1)
  8 spriggans (Lair:6)
  2 vampires (D:12)
  2 culicivoras
  5 wraiths
  2 shadows
  A wyvern (Lair:4)
  40 yaks
  3 steam dragons
  7 redbacks (Spider:1)
  4 basilisks
  2 wargs
  7 vampire mosquitoes
  Menkaure (D:4)
  An acid dragon (D:12)
  15 water moccasins
  An ice beast (D:6)
  34 orc warriors
  A sky beast (D:6)
  A meliai simulacrum (D:14)
  6 black bears
  29 wolves
  4 boggarts (Lair:6)
  6 centaurs
  12 ogres
  2 phantoms
  3 kobold brigands
  2 necrophages
  12 bullfrogs
  4 wights (D:7)
  3 killer bees (D:8)
  7 electric eels
  3 howler monkeys
  29 orc priests
  12 jellies
  4 gnoll shamans (D:7)
  An iguana (D:7)
  Terence (D:3)
  22 orc wizards
  4 polar bear simulacra (Lair:5)
  A yak simulacrum (Lair:5)
  5 wolf simulacra (Lair:5)
  14 gnolls
  7 adders
  A shadow imp (D:7)
  A white imp (D:4)
  An ufetubus (D:5)
  3 worms
  7 dart slugs
  102 orcs
  3 bats
  3 endoplasms
  3 giant cockroaches
  8 goblins
  9 hobgoblins
  4 jackals (D:3)
  2 quokkas
  10 ball pythons
  4 frilled lizards
  19 kobolds
  5 rats
  A river rat simulacrum (Lair:5)
  3 ballistomycete spores
759 creatures vanquished.

Vanquished Creatures (collateral kills)
  Louise (D:15)
  A tengu warrior (D:15)
  A wizard (D:15)
  A rust devil (Orc:2)
  A hellwing (D:10)
  4 spriggans (Lair:6)
  2 vampire mosquitoes (D:11)
  A wolf (Lair:6)
  A killer bee (D:8)
  44 ballistomycete spores
57 creatures vanquished.

Vanquished Creatures (others)
  A two-headed ogre (D:15)
  An oklob plant (Lair:6)
  A gargoyle (D:11)
  A hornet (D:11)
  2 dancing weapons (D:14)
  6 ballistomycete spores
  A bush (Lair:6)
  65 fungi
  117 plants
195 creatures vanquished.

Grand Total: 1011 creatures vanquished

Notes
Turn   | Place    | Note
-------+----------+-------------------------------------------
     0 | D:1      | Letschi the Vampire Arcane Marksman began the quest for the
                  | Orb.
     0 | D:1      | Reached XP level 1. HP: 14/14 MP: 2/2
    44 | D:1      | Found Sitsyl's Antique Armour Boutique.
   106 | D:1      | Reached skill level 1 in Fighting
   137 | D:1      | Reached XP level 2. HP: 21/21 MP: 3/3
   174 | D:1      | Found Qaxac's General Store.
   320 | D:1      | Reached skill level 5 in Hexes
   566 | D:1      | Gained mutation: You are afflicted with vampirism and can
                  | become a bat while bloodless. [Vampire growth]
   566 | D:1      | Reached XP level 3. HP: 26/26 MP: 2/4
   571 | D:1      | Learned a level 3 spell: Inner Flame
   941 | D:2      | Found a radiant altar of Vehumet.
  1059 | D:1      | Bought a scroll of teleportation for 39 gold pieces
  1449 | D:2      | Reached XP level 4. HP: 29/32 MP: 4/6
  1726 | D:2      | Reached skill level 1 in Stealth
  1910 | D:3      | Found a faded altar of an unknown god.
  2091 | D:4      | Reached skill level 1 in Fire Magic
  2091 | D:4      | Reached XP level 5. HP: 24/37 MP: 7/7
  2172 | D:4      | Learned a level 3 spell: Portal Projectile
  2176 | D:4      | Found a radiant altar of Vehumet.
  2222 | D:4      | Noticed Menkaure
  2228 | D:4      | Killed Menkaure
  2229 | D:4      | Reached skill level 6 in Hexes
  2229 | D:4      | Reached XP level 6. HP: 24/44 MP: 7/9
  2379 | D:4      | Noticed Grinder
  2384 | D:4      | Killed Grinder
  2546 | D:4      | Reached XP level 7. HP: 50/50 MP: 5/10
  2713 | D:4      | Reached skill level 7 in Hexes
  2972 | D:3      | Reached skill level 1 in Translocations
  3086 | D:3      | Noticed Terence
  3094 | D:3      | Killed Terence
  3190 | D:1      | Bought an embroidered robe for 77 gold pieces
  3651 | D:5      | Entered Level 5 of the Dungeon
  3709 | D:5      | Learned a level 4 spell: Cause Fear
  4108 | D:5      | Found a staircase to the Ecumenical Temple.
  4115 | Temple   | Entered the Ecumenical Temple
  4187 | Temple   | Became a worshipper of Fedhas Madash
  5189 | D:6      | Reached XP level 8. HP: 55/57 MP: 6/12
  5533 | D:6      | Found a runed translucent gate.
  5533 | D:6      | Found a runed translucent gate.
  5533 | D:6      | Found a runed translucent gate.
  5533 | D:6      | Noticed dricus's ghost (novice GnWn)
  5897 | D:6      | Reached skill level 8 in Hexes
  5952 | D:7      | Reached skill level 1 in Invocations
  6159 | D:7      | HP: 2/58 [steam dragon/ball of steam (14)]
  6165 | D:7      | Reached * piety under Fedhas
  6628 | D:7      | Reached skill level 5 in Stealth
  7099 | D:7      | Reached skill level 9 in Hexes
  7099 | D:7      | Reached XP level 9. HP: 54/64 MP: 9/14
  7212 | D:7      | Reached skill level 5 in Crossbows
  7561 | D:7      | Reached ** piety under Fedhas
  7723 | D:7      | Reached skill level 5 in Dodging
  8223 | D:8      | Reached skill level 10 in Hexes
  8629 | D:8      | Noticed Psyche
  8630 | D:8      | Identified the +0 robe of the Blind Marksman {rElec rC+
                  | Dex+3}
  8668 | D:8      | Killed Psyche
  8831 | D:8      | Noticed Maurice
  9323 | D:8      | Noticed Gastronok
  9366 | D:9      | Reached XP level 10. HP: 70/73 MP: 11/16
  9452 | D:8      | Paralysed by a hornet for 3 turns
  9588 | D:8      | Reached skill level 5 in Fighting
 10774 | D:10     | Entered Level 10 of the Dungeon
 10868 | D:10     | Reached skill level 11 in Hexes
 11149 | D:1      | Bought a shiny orb for 252 gold pieces
 12034 | D:10     | Reached *** piety under Fedhas
 12271 | D:10     | Reached XP level 11. HP: 81/81 MP: 1/18
 12505 | D:10     | Found a staircase to the Orcish Mines.
 12604 | D:10     | Noticed a two-headed ogre
 12649 | D:10     | Killed a two-headed ogre
 12650 | D:10     | Reached skill level 5 in Spellcasting
 12650 | D:10     | Reached skill level 12 in Hexes
 12821 | D:10     | Got the Collected Works on Necromancy
 13177 | D:11     | Noticed a boulder beetle
 13305 | D:11     | Noticed Snorg
 13691 | D:11     | Noticed a skeletal warrior
 13718 | D:10     | Noticed Snorg
 13718 | D:10     | Snorg changed into Snorg the manticore
 13881 | D:10     | Killed Snorg the manticore
 13949 | D:11     | Noticed a skeletal warrior
 13949 | D:11     | Noticed a skeletal warrior
 13949 | D:11     | Noticed a skeletal warrior
 13950 | D:11     | Noticed a six-headed hydra
 14024 | Orc:1    | Entered Level 1 of the Orcish Mines
 14046 | D:10     | Reached skill level 1 in Evocations
 14079 | D:10     | Killed a boulder beetle
 14144 | D:10     | Learned a level 2 spell: Corpse Rot
 15039 | Orc:2    | Entered Level 2 of the Orcish Mines
 15044 | Orc:1    | Noticed an orc warlord
 15044 | Orc:1    | Noticed an orc sorcerer
 15292 | Orc:1    | Reached **** piety under Fedhas
 15429 | Orc:2    | Reached skill level 1 in Air Magic
 15504 | Orc:1    | Reached skill level 1 in Necromancy
 15855 | Orc:2    | Noticed an orc sorcerer
 15959 | Orc:1    | Killed an orc sorcerer
 16057 | Orc:2    | Found a staircase to the Elven Halls.
 17545 | D:10     | Killed a six-headed hydra
 17546 | D:10     | Reached skill level 13 in Hexes
 17983 | D:11     | Noticed a boulder beetle
 18069 | D:10     | Killed a boulder beetle
 18363 | D:10     | Killed a skeletal warrior
 18532 | D:11     | Killed a skeletal warrior
 18534 | D:11     | Killed a skeletal warrior
 18535 | D:11     | Reached XP level 12. HP: 89/89 MP: 8/20
 18617 | D:10     | Reached skill level 5 in Invocations
 18707 | D:11     | Found a staircase to the Lair.
 18832 | D:11     | Noticed a centaur warrior
 18832 | D:11     | Noticed a two-headed ogre
 18843 | D:11     | Killed a centaur warrior
 18844 | D:11     | Killed a two-headed ogre
 19006 | D:11     | Noticed a six-headed hydra
 19016 | D:11     | Killed a six-headed hydra
 19539 | D:11     | Reached skill level 14 in Hexes
 19790 | D:11     | Learned a level 2 spell: Passwall
 19917 | D:12     | Noticed a two-headed ogre
 20059 | D:12     | Killed a two-headed ogre
 20440 | D:12     | Reached skill level 1 in Transmutations
 20473 | D:12     | Reached skill level 1 in Earth Magic
 20706 | Lair:1   | Entered Level 1 of the Lair of Beasts
 20793 | Lair:1   | Noticed Fannar
 22090 | Lair:2   | Noticed a five-headed hydra
 22099 | Lair:2   | Killed a five-headed hydra
 22241 | Lair:2   | Noticed a boulder beetle
 22339 | Lair:2   | Killed a boulder beetle
 22667 | Lair:2   | Found a staircase to the Swamp.
 22842 | Lair:2   | Found a hole to the Spider Nest.
 22864 | Lair:2   | Noticed Harold
 23267 | Lair:2   | Reached XP level 13. HP: 72/96 MP: 22/22
 23679 | Lair:2   | Killed Harold
 24083 | Lair:3   | Reached skill level 15 in Hexes
 24250 | Lair:3   | Got the Reference Book on Unholy Secrets and Ignition
 26974 | Lair:5   | Reached ***** piety under Fedhas
 28357 | Lair:4   | Reached skill level 16 in Hexes
 28544 | Lair:6   | Entered Level 6 of the Lair of Beasts
 29454 | Lair:5   | Reached XP level 14. HP: 105/105 MP: 20/25
 30217 | Lair:6   | Found a staircase to the Slime Pits.
 31626 | Lair:6   | Reached skill level 10 in Crossbows
 31648 | Lair:6   | Reached skill level 5 in Transmutations
 33904 | Orc:2    | Found Gutott's General Store.
 34013 | Orc:2    | Found Ynepoc's Distillery.
 34487 | Orc:2    | Bought a potion of cancellation for 96 gold pieces
 34487 | Orc:2    | Bought 2 potions of invisibility for 192 gold pieces
 34489 | Orc:2    | Bought a +0 arbalest for 58 gold pieces
 34708 | Orc:2    | Reached skill level 17 in Hexes
 34853 | Orc:2    | Reached skill level 5 in Earth Magic
 34881 | Orc:2    | Paralysed by an orc sorcerer for 2 turns
 34886 | Orc:2    | Paralysed by an orc sorcerer for 6 turns
 34894 | Orc:2    | Paralysed by an orc sorcerer for 7 turns
 36244 | Orc:2    | Found Ceadghoss's Antique Weapon Emporium.
 36244 | Orc:2    | Found Duosithy's Book Shoppe.
 36244 | Orc:2    | Found a one-way gate leading to the halls of Pandemonium.
 36316 | Orc:2    | Bought a book of Maledictions for 476 gold pieces
 36316 | Orc:2    | Bought a book of Misfortune for 504 gold pieces
 36320 | Orc:2    | Learned a level 3 spell: Tukima's Dance
 36328 | Orc:2    | Learned a level 7 spell: Enfeeble
 36522 | Orc:2    | Bought 3 scrolls of teleportation for 117 gold pieces
 36524 | Orc:2    | Bought a potion of magic for 96 gold pieces
 36524 | Orc:2    | Bought a potion of might for 48 gold pieces
 36524 | Orc:2    | Bought a potion of flight for 36 gold pieces
 37428 | D:12     | Reached XP level 15. HP: 73/112 MP: 21/27
 38485 | D:13     | Noticed Frances
 38493 | D:13     | Learned a level 5 spell: Yara's Violent Unravelling
 40741 | D:14     | Reached skill level 18 in Hexes
 40864 | D:14     | Reached skill level 10 in Dodging
 41619 | D:14     | Found a gate to the Vaults.
 42635 | D:15     | Entered Level 15 of the Dungeon
 42655 | D:15     | Noticed Louise
 42657 | D:15     | Noticed Nessos
 43611 | D:15     | Killed Nessos
 44706 | D:15     | Found a staircase to the Depths.
 44707 | D:15     | Noticed a fire giant
 44720 | D:15     | Killed a fire giant
 44793 | D:15     | Killed Louise
 45375 | Spider:1 | Entered Level 1 of the Spider Nest
 46900 | Lair:2   | Reached XP level 16. HP: 58/120 MP: 20/28
 47573 | Spider:1 | Reached skill level 19 in Hexes
 49268 | Spider:2 | Noticed Arachne
 49471 | Spider:2 | Killed Arachne
 49530 | Spider:2 | Killed by an exploding ballistomycete spore

Illustrated notes

Levels and vault maps discovered:
D:1:      minmay_arrival_solitary_statue, layout_basic, serial_shops,
          nicolae_shop_waterfront, shop, minmay_misc_feat_iff, minivault_4
D:2:      layout_loops_cross, basic_altar, minmay_shallow_snake_nest
D:3:      layout_basic, ebering_ecumenical_altar_hall, uniq_terence
D:4:      layout_cave_pools, mainiacjoe_overflow_paths, uniq_menkaure,
          uniq_grinder
D:5:      layout_loops_corners, minmay_temple_entry_overgrown, roderic_lattice_a
D:6:      layout_loops_ring, biasface_ghost_orc_armoury
D:7:      kennysheep_seaside_town, layout_loops_ring
D:8:      layout_basic, hangedman_abyss_or_decor_clamps, uniq_gastronok,
          uniq_psyche, uniq_maurice
D:9:      layout_cave_pools
D:10:     argonaut_augean_stables, layout_stronghold, hiddenorc1_lemuel,
          nrook_campfire
D:11:     layout_cave_pools, dpeg_oklobed_lair, minmay_joined_circles,
          uniq_snorg
D:12:     layout_basic
D:13:     layout_cave_pods, roderic_roman_lattice, minmay_misc_feat_roman,
          uniq_frances
D:14:     layout_basic, lightli_vaults_fourway_checkpoint
D:15:     grunt_enter_depths_giant_problem, layout_long_grid,
          chequers_mini_garden, hex_large, uniq_nessos, uniq_louise
Temple:   dpeg_three_leaves_temple
Lair:1:   layout_gridlike, uniq_fannar
Lair:2:   layout_layer_cave, skrybe_swamp_entry_bodies, dummy_spider_entry,
          uniq_harold
Lair:3:   layout_big_grid
Lair:4:   layout_long_grid, serial_bayou_shore_a
Lair:5:   layout_hall_layers, st_stairs_4, eino_house_with_fridge,
          lemuel_fruit_tree
Lair:6:   minmay_lair_end_enchanted_forest, layout_cave_pods,
          minmay_slime_entry_jelly_boxes, nicolae_quartered_pool_medium,
          serial_bayou_lagoon_b
Spider:1: layout_chambers, guppyfry_spider_mini_3
Spider:2: layout_spider_delve, uniq_arachne
Orc:1:    layout_caves, nicolae_orc_lava_room
Orc:2:    pf_orc_diabolical, layout_caves

Skill      XL: |  1  2  3  4  5  6  7  8  9 10 11 12 13 14 15 16 |
---------------+-------------------------------------------------+-----
Fighting       | 1 2 3 4 6 7 8 9 |  9.6
Hexes          | 5 6 7 9 10 11 13 14 16 17 18 19 | 19.2
Crossbows      | 2 3 4 5 6 7 8 9 10 11 | 11.6
Stealth        | 1 2 3 4 5 7 |  7.8
Fire Magic     | 1 2 3 4 |  4.4
Dodging        | 3 4 5 6 7 8 9 10 | 10.7
Spellcasting   | 2 3 4 5 6 7 8 9 |  9.0
Translocations | 1 |  1.6
Invocations    | 2 3 4 5 6 7 8 |  8.4
Evocations     | 1 |  1.5
Air Magic      | 2 3 |  3.1
Necromancy     | 2 3 |  3.6
Transmutations | 2 4 6 7 |  7.5
Earth Magic    | 2 4 5 |  5.5
Throwing       | |  0.2

Action                   |  1- 3 |  4- 6 |  7- 9 | 10-12 | 13-15 | 16-18 || total
-------------------------+-------+-------+-------+-------+-------+-------++-------
Melee: Unarmed           |       |       |     6 |       |       |       ||     6
       Hand crossbow     |       |       |       |     1 |       |       ||     1
 Fire: Hand crossbow     |   103 |   149 |   293 |   987 |  1334 |       ||  2866
       Arbalest          |       |       |       |       |   480 |   120 ||   600
Throw: Dart              |       |       |       |     4 |       |       ||     4
       Throwing net      |       |       |       |       |     1 |       ||     1
 Cast: Slow              |    20 |    20 |    66 |   173 |   366 |     4 ||   649
       Inner Flame       |       |     1 |    63 |   192 |   307 |    23 ||   586
       Cause Fear        |       |       |     4 |    27 |    24 |     2 ||    57
       Portal Projectile |       |       |     2 |     3 |    23 |     1 ||    29
       Enfeeble          |       |       |       |       |    39 |    22 ||    61
       Tukima's Dance    |       |       |       |       |    16 |       ||    16
       Passwall          |       |       |       |       |     3 |       ||     3
Invok: Wall of Briars    |       |       |       |    15 |    25 |     2 ||    42
       Grow Ballistomyce |       |       |       |     3 |    10 |     1 ||    14
 Abil: Exsanguinate      |       |       |       |     1 |     4 |       ||     5
       Revivify          |       |       |       |       |     3 |       ||     3
       End Transformatio |       |       |       |       |     1 |       ||     1
       Bat Form          |       |       |       |       |     1 |       ||     1
Evoke: Wand              |       |     6 |       |     6 |     6 |       ||    18
       Lightning rod     |       |       |       |     4 |     7 |     1 ||    12
       Phial of floods   |       |       |       |       |     1 |       ||     1
       Box of beasts     |       |       |       |       |       |     1 ||     1
  Use: Scroll            |     1 |     2 |    10 |    15 |     9 |       ||    37
       Potion            |       |       |     3 |     3 |     6 |     2 ||    14
Armor: Robe              |     6 |    13 |    55 |    82 |   220 |    30 ||   406
       Skin              |       |       |     2 |       |       |       ||     2
Dodge: Dodged            |    25 |    66 |   162 |   397 |  1423 |   200 ||  2273
Block: Other             |       |       |     2 |   118 |   156 |       ||   276
       Reflection        |       |       |       |     4 |       |       ||     4

Table legend: (Time is in decaauts)
 A = Elapsed time spent in this place.
 B = Non-inter-level travel time spent in this place.
 C = Inter-level travel time spent in this place.
 D = Time resting spent in this place.
 E = Time spent auto-exploring this place.
 F = Levels seen in this place.
 G = Mean time per level.
                   A        B        C        D        E       F      G
               +--------+--------+--------+--------+--------+-----+--------+
         Total |  50282 |  47206 |   3076 |  16444 |  17598 |  26 | 1933.9 |
       Dungeon |  27936 |  25750 |   2186 |   8551 |  10599 |  15 | 1862.4 |
        Temple |     82 |     73 |      9 |      0 |      0 |   1 |   82.0 |
          Lair |  13216 |  12654 |    562 |   4008 |   5089 |   6 | 2202.7 |
   Spider Nest |   3449 |   3407 |     42 |   1671 |    999 |   2 | 1724.5 |
  Orcish Mines |   5597 |   5320 |    277 |   2213 |    910 |   2 | 2798.5 |
               +--------+--------+--------+--------+--------+-----+--------+

Top non-repeatable levels by time:
    D:10: 5027 daAuts
   Orc:2: 4040 daAuts
    D:14: 3375 daAuts
Spider:1: 3323 daAuts
  Lair:6: 3024 daAuts
  Lair:2: 2962 daAuts
  Lair:5: 2855 daAuts
    D:12: 2352 daAuts
     D:7: 2351 daAuts
    D:13: 2276 daAuts
     D:8: 2027 daAuts
  Lair:4: 1978 daAuts
    D:15: 1667 daAuts
   Orc:1: 1557 daAuts
    D:11: 1373 daAuts
